 Dungeon Crawl Stone Soup version 0.31-a0-18-gea43df2a32 (webtiles) character file.

Game seed: 11951403153474570905

16 MisterAzrael the Magician (level 2, -1/15 HPs)
             Began as a Deep Elf Air Elementalist on May 12, 2023.
             Frozen to death by an endoplasm (5 damage)
             ... on level 1 of the Dungeon.
             The game lasted 00:01:23 (359 turns).

MisterAzrael the Magician (DEAE)                     Turns: 359, Time: 00:01:24

Health: -1/15      AC:  2    Str:  5    XL:     2   Next: 37%
Magic:  1/8        EV: 12    Int: 19    God:
Gold:   17         SH:  0    Dex: 15    Spells: 4/7 levels left

rFire   . . .        (no weapon)
rCold   . . .        (no shield)
rNeg    . . .        a - +0 robe
rPois   .            (no helmet)
rElec   .            (no cloak)
rCorr   .            (no gloves)
SInv    .            (no boots)
Will    .....        (no amulet)
Stlth   ++           (no ring)
HPRegen 0.22/turn    (no ring)
MPRegen 0.11/turn

%: no passive effects
@: no status effects
A: no striking features
a: no special abilities


You were on level 1 of the Dungeon.
You visited 1 branch of the dungeon, and saw 1 of its levels.

You collected 17 gold pieces.

Inventory:

Armour
 a - a +0 robe (worn)
Scrolls
 c - a scroll of immolation {unknown}
Potions
 b - a potion of magic


   Skills:
 - Level 2.4 Dodging
 - Level 2.4 Stealth
 + Level 3.3 Spellcasting
 * Level 2.0 Conjurations
 + Level 3.2 Air Magic


You had 4 spell levels left.
You knew the following spells:

 Your Spells              Type           Power      Damage    Failure   Level
a - Shock                 Conj/Air       52%        1d6       4%          1
b - Static Discharge      Conj/Air       26%        2-4/arc   8%          2

Your spell library contained the following spells:

 Spells                   Type           Power      Damage    Failure   Level
 Swiftness                Air            15%        N/A       12%         3
 Airstrike                Air            7%         2d(2-18)  36%         4
 Summon Guardian Golem    Hex/Summ       3%         N/A       41%         3
 Orb of Destruction       Conj           5%         9d5       100%        7
 Spellforged Servitor     Conj/Summ      3%         N/A       100%        7


Dungeon Overview and Level Annotations

Branches:
Dungeon (1/15)

Altars:


Message History

A goblin comes into view. It is wielding a +0 club.
The goblin shouts!
You closely miss the bat. The bat closely misses you.
The bat closely misses you.
Casting: Static Discharge (safe; 8% risk of failure)
Confirm with . or Enter, or press ? or * to list all spells.
The bat is struck by an arc of lightning.
You kill the bat!
You are struck by an arc of lightning.
The lightning grounds out.
A kobold and an endoplasm come into view.
The dart slug launches a dart at you. The slug dart hits you.
Casting: Static Discharge (safe; 8% risk of failure)
Confirm with . or Enter, or press ? or * to list all spells.
The goblin is struck by an arc of lightning.
The goblin is heavily wounded.
You are struck by an arc of lightning.
The goblin is struck by an arc of lightning.
You kill the goblin!
The lightning grounds out.
The kobold shouts!
You hear a shout!
Your Conjurations skill increases to level 2!
The dart slug barely misses you.
Casting: Static Discharge (safe; 8% risk of failure)
Confirm with . or Enter, or press ? or * to list all spells.
The dart slug is struck by an arc of lightning.
The dart slug is moderately wounded.
You are struck by an arc of lightning.
The dart slug is struck by an arc of lightning.
The dart slug is severely wounded.
The lightning grounds out.
Casting: Static Discharge (safe; 8% risk of failure)
Confirm with . or Enter, or press ? or * to list all spells.
The dart slug is struck by an arc of lightning.
You kill the dart slug!
You are struck by an arc of lightning.
* * * LOW HITPOINT WARNING * * *
The endoplasm freezes you.
You are frozen.
You die...

#.#.###.# ..
#.......# ..
###.##### #.
#+# #. #. #.
.## ...
#######.##
J.. #
.......@.##
.. +
#######.JK#.#
#...)# #..###
#..####.#
#?......# #+#
##.###### #.#
#.# ####.####
#.#
####.......#


You could see an endoplasm and a kobold.

Vanquished Creatures
  2 dart slugs (D:1)
  4 bats (D:1)
  2 goblins (D:1)
  A hobgoblin (D:1)
  A quokka (D:1)
  A kobold (D:1)
11 creatures vanquished.

Notes
Turn   | Place    | Note
-------+----------+-------------------------------------------
     0 | D:1      | MisterAzrael the Deep Elf Air Elementalist began the quest
                  | for the Orb.
     0 | D:1      | Reached XP level 1. HP: 10/10 MP: 6/6
   248 | D:1      | Reached XP level 2. HP: 15/15 MP: 6/8
   271 | D:1      | Learned a level 2 spell: Static Discharge
   359 | D:1      | Frozen to death by an endoplasm

Illustrated notes

Levels and vault maps discovered:
D:1:      lemuel_arrival_broad_hall, layout_loops_corners, serial_shops,
          nicolae_shop_tiny_glass

Skill      XL: |  1  2 |
---------------+-------+-----
Conjurations   | 2 |  2.0
Dodging        | |  2.4
Stealth        | |  2.4
Spellcasting   | |  3.3
Air Magic      | |  3.2

Action                     || total
---------------------------++-------
  Melee: Unarmed           ||     1
   Cast: Shock             ||    19
         Static Discharge  ||     5
 Armour: Robe              ||     1
  Dodge: Dodged            ||     9

Table legend: (Time is in decaauts)
 A = Elapsed time spent in this place.
 B = Non-inter-level travel time spent in this place.
 C = Inter-level travel time spent in this place.
 D = Time resting spent in this place.
 E = Time spent auto-exploring this place.
 F = Levels seen in this place.
 G = Mean time per level.
                   A        B        C        D        E       F      G
               +--------+--------+--------+--------+--------+-----+--------+
         Total |    359 |    359 |      0 |    128 |    166 |   1 |  359.0 |
       Dungeon |    359 |    359 |      0 |    128 |    166 |   1 |  359.0 |
               +--------+--------+--------+--------+--------+-----+--------+

Top non-repeatable levels by time:
     D:1: 359 daAuts
